%YAML 1.1
%TAG !u! tag:unity3d.com,2011:
--- !u!1 &4450260023114975754
GameObject:
  m_ObjectHideFlags: 0
  m_CorrespondingSourceObject: {fileID: 0}
  m_PrefabInstance: {fileID: 0}
  m_PrefabAsset: {fileID: 0}
  serializedVersion: 6
  m_Component:
  - component: {fileID: 4450260023114975755}
  m_Layer: 0
  m_Name: GameObject (3)
  m_TagString: Untagged
  m_Icon: {fileID: 0}
  m_NavMeshLayer: 0
  m_StaticEditorFlags: 0
  m_IsActive: 1
--- !u!4 &4450260023114975755
Transform:
  m_ObjectHideFlags: 0
  m_CorrespondingSourceObject: {fileID: 0}
  m_PrefabInstance: {fileID: 0}
  m_PrefabAsset: {fileID: 0}
  m_GameObject: {fileID: 4450260023114975754}
  m_LocalRotation: {x: -0, y: 0.96840787, z: -0, w: -0.2493719}
  m_LocalPosition: {x: 62.7, y: -6.602798, z: 31.3}
  m_LocalScale: {x: 1, y: 1, z: 1}
  m_Children:
  - {fileID: 5843685401284271416}
  - {fileID: 5843685401424555935}
  - {fileID: 5843685401637668221}
  m_Father: {fileID: 0}
  m_RootOrder: 0
  m_LocalEulerAnglesHint: {x: 0, y: 208.881, z: 0}
--- !u!1001 &4450260024332347479
PrefabInstance:
  m_ObjectHideFlags: 0
  serializedVersion: 2
  m_Modification:
    m_TransformParent: {fileID: 4450260023114975755}
    m_Modifications:
    - target: {fileID: 7843738934115579246, guid: 3ec791974fa4ebc4fb49c9f6e0e02460,
        type: 3}
      propertyPath: m_Name
      value: Hangar_3
      objectReference: {fileID: 0}
    - target: {fileID: 7843738934115579247, guid: 3ec791974fa4ebc4fb49c9f6e0e02460,
        type: 3}
      propertyPath: m_LocalPosition.x
      value: -0.84753036
      objectReference: {fileID: 0}
    - target: {fileID: 7843738934115579247, guid: 3ec791974fa4ebc4fb49c9f6e0e02460,
        type: 3}
      propertyPath: m_LocalPosition.y
      value: 6.7165565
      objectReference: {fileID: 0}
    - target: {fileID: 7843738934115579247, guid: 3ec791974fa4ebc4fb49c9f6e0e02460,
        type: 3}
      propertyPath: m_LocalPosition.z
      value: 5.303787
      objectReference: {fileID: 0}
    - target: {fileID: 7843738934115579247, guid: 3ec791974fa4ebc4fb49c9f6e0e02460,
        type: 3}
      propertyPath: m_LocalRotation.x
      value: -0
      objectReference: {fileID: 0}
    - target: {fileID: 7843738934115579247, guid: 3ec791974fa4ebc4fb49c9f6e0e02460,
        type: 3}
      propertyPath: m_LocalRotation.y
      value: 0.8309914
      objectReference: {fileID: 0}
    - target: {fileID: 7843738934115579247, guid: 3ec791974fa4ebc4fb49c9f6e0e02460,
        type: 3}
      propertyPath: m_LocalRotation.z
      value: -0
      objectReference: {fileID: 0}
    - target: {fileID: 7843738934115579247, guid: 3ec791974fa4ebc4fb49c9f6e0e02460,
        type: 3}
      propertyPath: m_LocalRotation.w
      value: 0.5562853
      objectReference: {fileID: 0}
    - target: {fileID: 7843738934115579247, guid: 3ec791974fa4ebc4fb49c9f6e0e02460,
        type: 3}
      propertyPath: m_RootOrder
      value: 0
      objectReference: {fileID: 0}
    - target: {fileID: 7843738934115579247, guid: 3ec791974fa4ebc4fb49c9f6e0e02460,
        type: 3}
      propertyPath: m_LocalEulerAnglesHint.x
      value: 0
      objectReference: {fileID: 0}
    - target: {fileID: 7843738934115579247, guid: 3ec791974fa4ebc4fb49c9f6e0e02460,
        type: 3}
      propertyPath: m_LocalEulerAnglesHint.y
      value: 112.40101
      objectReference: {fileID: 0}
    - target: {fileID: 7843738934115579247, guid: 3ec791974fa4ebc4fb49c9f6e0e02460,
        type: 3}
      propertyPath: m_LocalEulerAnglesHint.z
      value: 0
      objectReference: {fileID: 0}
    m_RemovedComponents: []
  m_SourcePrefab: {fileID: 100100000, guid: 3ec791974fa4ebc4fb49c9f6e0e02460, type: 3}
--- !u!4 &5843685401284271416 stripped
Transform:
  m_CorrespondingSourceObject: {fileID: 7843738934115579247, guid: 3ec791974fa4ebc4fb49c9f6e0e02460,
    type: 3}
  m_PrefabInstance: {fileID: 4450260024332347479}
  m_PrefabAsset: {fileID: 0}
--- !u!1001 &4450260024549437458
PrefabInstance:
  m_ObjectHideFlags: 0
  serializedVersion: 2
  m_Modification:
    m_TransformParent: {fileID: 4450260023114975755}
    m_Modifications:
    - target: {fileID: 7843738934115579246, guid: 3ec791974fa4ebc4fb49c9f6e0e02460,
        type: 3}
      propertyPath: m_Name
      value: Hangar_3 (2)
      objectReference: {fileID: 0}
    - target: {fileID: 7843738934115579247, guid: 3ec791974fa4ebc4fb49c9f6e0e02460,
        type: 3}
      propertyPath: m_LocalPosition.x
      value: -10.377529
      objectReference: {fileID: 0}
    - target: {fileID: 7843738934115579247, guid: 3ec791974fa4ebc4fb49c9f6e0e02460,
        type: 3}
      propertyPath: m_LocalPosition.y
      value: 6.7165565
      objectReference: {fileID: 0}
    - target: {fileID: 7843738934115579247, guid: 3ec791974fa4ebc4fb49c9f6e0e02460,
        type: 3}
      propertyPath: m_LocalPosition.z
      value: 14.443787
      objectReference: {fileID: 0}
    - target: {fileID: 7843738934115579247, guid: 3ec791974fa4ebc4fb49c9f6e0e02460,
        type: 3}
      propertyPath: m_LocalRotation.x
      value: -0
      objectReference: {fileID: 0}
    - target: {fileID: 7843738934115579247, guid: 3ec791974fa4ebc4fb49c9f6e0e02460,
        type: 3}
      propertyPath: m_LocalRotation.y
      value: 0.8309914
      objectReference: {fileID: 0}
    - target: {fileID: 7843738934115579247, guid: 3ec791974fa4ebc4fb49c9f6e0e02460,
        type: 3}
      propertyPath: m_LocalRotation.z
      value: -0
      objectReference: {fileID: 0}
    - target: {fileID: 7843738934115579247, guid: 3ec791974fa4ebc4fb49c9f6e0e02460,
        type: 3}
      propertyPath: m_LocalRotation.w
      value: 0.5562853
      objectReference: {fileID: 0}
    - target: {fileID: 7843738934115579247, guid: 3ec791974fa4ebc4fb49c9f6e0e02460,
        type: 3}
      propertyPath: m_RootOrder
      value: 2
      objectReference: {fileID: 0}
    - target: {fileID: 7843738934115579247, guid: 3ec791974fa4ebc4fb49c9f6e0e02460,
        type: 3}
      propertyPath: m_LocalEulerAnglesHint.x
      value: 0
      objectReference: {fileID: 0}
    - target: {fileID: 7843738934115579247, guid: 3ec791974fa4ebc4fb49c9f6e0e02460,
        type: 3}
      propertyPath: m_LocalEulerAnglesHint.y
      value: 112.40101
      objectReference: {fileID: 0}
    - target: {fileID: 7843738934115579247, guid: 3ec791974fa4ebc4fb49c9f6e0e02460,
        type: 3}
      propertyPath: m_LocalEulerAnglesHint.z
      value: 0
      objectReference: {fileID: 0}
    m_RemovedComponents: []
  m_SourcePrefab: {fileID: 100100000, guid: 3ec791974fa4ebc4fb49c9f6e0e02460, type: 3}
--- !u!4 &5843685401637668221 stripped
Transform:
  m_CorrespondingSourceObject: {fileID: 7843738934115579247, guid: 3ec791974fa4ebc4fb49c9f6e0e02460,
    type: 3}
  m_PrefabInstance: {fileID: 4450260024549437458}
  m_PrefabAsset: {fileID: 0}
--- !u!1001 &4450260024758360816
PrefabInstance:
  m_ObjectHideFlags: 0
  serializedVersion: 2
  m_Modification:
    m_TransformParent: {fileID: 4450260023114975755}
    m_Modifications:
    - target: {fileID: 7843738934115579246, guid: 3ec791974fa4ebc4fb49c9f6e0e02460,
        type: 3}
      propertyPath: m_Name
      value: Hangar_3 (1)
      objectReference: {fileID: 0}
    - target: {fileID: 7843738934115579247, guid: 3ec791974fa4ebc4fb49c9f6e0e02460,
        type: 3}
      propertyPath: m_LocalPosition.x
      value: 8.472469
      objectReference: {fileID: 0}
    - target: {fileID: 7843738934115579247, guid: 3ec791974fa4ebc4fb49c9f6e0e02460,
        type: 3}
      propertyPath: m_LocalPosition.y
      value: 6.7165565
      objectReference: {fileID: 0}
    - target: {fileID: 7843738934115579247, guid: 3ec791974fa4ebc4fb49c9f6e0e02460,
        type: 3}
      propertyPath: m_LocalPosition.z
      value: -1.0862122
      objectReference: {fileID: 0}
    - target: {fileID: 7843738934115579247, guid: 3ec791974fa4ebc4fb49c9f6e0e02460,
        type: 3}
      propertyPath: m_LocalRotation.x
      value: -0
      objectReference: {fileID: 0}
    - target: {fileID: 7843738934115579247, guid: 3ec791974fa4ebc4fb49c9f6e0e02460,
        type: 3}
      propertyPath: m_LocalRotation.y
      value: 0.8309914
      objectReference: {fileID: 0}
    - target: {fileID: 7843738934115579247, guid: 3ec791974fa4ebc4fb49c9f6e0e02460,
        type: 3}
      propertyPath: m_LocalRotation.z
      value: -0
      objectReference: {fileID: 0}
    - target: {fileID: 7843738934115579247, guid: 3ec791974fa4ebc4fb49c9f6e0e02460,
        type: 3}
      propertyPath: m_LocalRotation.w
      value: 0.5562853
      objectReference: {fileID: 0}
    - target: {fileID: 7843738934115579247, guid: 3ec791974fa4ebc4fb49c9f6e0e02460,
        type: 3}
      propertyPath: m_RootOrder
      value: 1
      objectReference: {fileID: 0}
    - target: {fileID: 7843738934115579247, guid: 3ec791974fa4ebc4fb49c9f6e0e02460,
        type: 3}
      propertyPath: m_LocalEulerAnglesHint.x
      value: 0
      objectReference: {fileID: 0}
    - target: {fileID: 7843738934115579247, guid: 3ec791974fa4ebc4fb49c9f6e0e02460,
        type: 3}
      propertyPath: m_LocalEulerAnglesHint.y
      value: 112.40101
      objectReference: {fileID: 0}
    - target: {fileID: 7843738934115579247, guid: 3ec791974fa4ebc4fb49c9f6e0e02460,
        type: 3}
      propertyPath: m_LocalEulerAnglesHint.z
      value: 0
      objectReference: {fileID: 0}
    m_RemovedComponents: []
  m_SourcePrefab: {fileID: 100100000, guid: 3ec791974fa4ebc4fb49c9f6e0e02460, type: 3}
--- !u!4 &5843685401424555935 stripped
Transform:
  m_CorrespondingSourceObject: {fileID: 7843738934115579247, guid: 3ec791974fa4ebc4fb49c9f6e0e02460,
    type: 3}
  m_PrefabInstance: {fileID: 4450260024758360816}
  m_PrefabAsset: {fileID: 0}
